 Dungeon Crawl Stone Soup version 0.21-a0-513-gdcb3f5e (webtiles) character file.

36 theanonym the Skirmisher (level 3, -7/39 HPs)
             Began as an Ogre Hunter on Dec 1, 2017.
             Mangled by Sigmund
             ... wielding a +0 scythe
              (12 damage)
             ... on level 2 of the Dungeon.
             The game lasted 00:01:48 (1053 turns).

theanonym the Skirmisher (Ogre Hunter)              Turns: 1053, Time: 00:01:49

Health: -7/39      AC:  3    Str: 14 (17) XL:     3   Next: 37%
Magic:  3/3        EV: 12    Int: 10 (12) God:
Gold:   53         SH:  0    Dex: 11 (14) Spells: 2/2 levels left

rFire    . . .     SeeInvis .   l - +2 short sword (venom)
rCold    . . .     Gourm    .   h - +0 shield
rNeg     . . .     Faith    .   b - +0 robe
rPois    .         Spirit   .   (helmet restricted)
rElec    .         Reflect  .   (no cloak)
rCorr    .         Harm     .   (gloves unavailable)
MR       .....                  (boots unavailable)
Stlth    ++........             (no amulet)
HPRegen  0.13/turn              (no ring)
MPRegen  0.08/turn              (no ring)

@: confused, agile
A: large, unfitting armour, tough skin 1
a: no special abilities


Innate Abilities, Weirdness & Mutations

You are too large for most types of armour.
You have tough skin. (AC +1)


   Skills:
 + Level 4.2 Fighting
 * Level 1.4 Maces & Flails
 - Level 4.0 Throwing
 - Level 1.7 Dodging
 - Level 0.6 Stealth


You had 2 spell levels left.
You didn't know any spells.

Skill      XL: |  1  2 |
---------------+-------+-----
Fighting       | 3 4 |  4.2
Maces & Flails | 1 |  1.4
Throwing       | |  4.0
Dodging        | |  1.7
Stealth        | |  0.6

Action                   || total
-------------------------++-------
Melee: Short sword       ||    93
Throw: Large rock        ||     1
  Use: Potion            ||     2
 Stab: Sleeping          ||     1
  Eat: Chunk             ||     1
Armor: Robe              ||    55
Dodge: Dodged            ||    49
Block: Shield            ||    31

Inventory:

Hand Weapons
 a - a +0 short sword
 l - a +2 short sword of venom (weapon)
   (You found it on level 1 of the Dungeon)
 m - a +0 club
   (You took it off a hobgoblin on level 1 of the Dungeon)
Missiles
 c - 4 large rocks (quivered)
 d - 2 throwing nets
Armour
 b - a +0 robe (worn)
 h - a +0 shield (worn)
   (You found it on level 1 of the Dungeon)
Jewellery
 q - an uncursed ring of protection from magic {unknown}
   (You found it on level 1 of the Dungeon)
Scrolls
 i - a scroll of enchant armour {unknown}
 j - a scroll of fear {unknown}
 k - 3 scrolls of remove curse {unknown}
 r - a scroll of teleportation {unknown}
 s - 2 scrolls of identify {unknown}
Potions
 o - a potion of haste {unknown}
 t - a potion of brilliance {unknown}
Comestibles
 f - a bread ration
 g - a chunk of flesh
 n - 3 royal jellies
 u - a meat ration

Dungeon Overview and Level Annotations

Branches:
Dungeon (2/15)

Altars:

Annotations:
D:2 Sigmund


You were on level 2 of the Dungeon.
You were not hungry.

You visited 1 branch of the dungeon, and saw 2 of its levels.

You collected 53 gold pieces.


Message History

There is a stone staircase leading down here.
As you open the door, it creaks loudly!
There is an open door here.
Done exploring.
Health restored: 39 Done exploring.
Done exploring.
Done exploring.
Some of the chunks of flesh in your inventory have rotted away.
There is an open door here.
There is a stone staircase leading down here.
Search for what [? for help]? star || robe && ego Can't find anything matching that.
Search for what [Enter for "star || robe && ego", or ? for help]? flail || robe && ego You climb downwards.
A rat and a quokka come into view.
There is a stone staircase leading up here.
There are monsters nearby!
You hit the quokka.
The quokka is poisoned.
The quokka bites you. You block the quokka's attack.
You take 2 damage, and have 37/39 hp.
You hit the quokka but do no damage.
The quokka looks as sick as possible!
The quokka bites you.
You take 2 damage, and have 35/39 hp.
You hit the quokka.
You kill the quokka!
The rat bites you but does no damage.
You hit the rat.
You kill the rat!
No target in view!
No target in view!
No target in view!
You start resting.
Health restored: 39 You butcher the rat corpse.
g - 2 chunks of flesh (gained 1)
Found a hunting sling.
Found a stone staircase leading up.
Found a stone staircase leading up.
You open the door.
There is an open door here.
Found a stone staircase leading down.
A rat comes into view.
The rat bites you.
You take 1 damage, and have 38/39 hp.
You puncture the rat!
You kill the rat!
No target in view!
No target in view!
You now have 53 gold pieces (gained 11).
Eating one of 2 chunks of flesh.
You eat one of the 2 chunks of flesh.
u - a meat ration A quokka comes into view.
Health restored: 39 A quokka is nearby!
A quokka is nearby!
A quokka is nearby!
A quokka is nearby!
Sigmund the Dreaded comes into view.
He is wielding a scythe.
Found a scroll labeled MAYZOJU ZIJEDU.
A hobgoblin comes into view. It is wielding a club.
Sigmund points at you and mumbles some strange words.
You resist with some effort. Sigmund hits you with a scythe!
You take 8 damage, and have 31/39 hp.
MASSIVE DAMAGE!!
You hit Sigmund.
Sigmund is poisoned.
The hobgoblin shouts!
A bat comes into view.
You closely miss Sigmund.
Sigmund screams, "Don't try to resist!"
Sigmund hits you with a scythe! The quokka bites you.
* * * LOW HITPOINT WARNING * * *
You take 13 damage, and have 18/39 hp.
MASSIVE DAMAGE!!
You are too injured to fight recklessly!
It was a potion of degeneration.
There was something very wrong with that liquid.
You feel weakened.
You feel dopey.
You feel clumsy. The quokka bites you.
* * * LOW HITPOINT WARNING * * *
Sigmund points at you and mumbles some strange words.
The magic dart hits you!
* * * LOW HITPOINT WARNING * * *
The quokka completely misses you.
You take 7 damage, and have 11/39 hp.
Aim: Sigmund, wielding a scythe and wearing a runed robe (lightly wounded, poisoned)
You throw a large rock. The large rock barely misses Sigmund.
The bat hits you.
* * * LOW HITPOINT WARNING * * *
Sigmund hits you with a scythe.
* * * LOW HITPOINT WARNING * * *
You block the quokka's attack. The quokka closely misses you.
Sigmund casts a spell at you.
You are confused.
An adder comes into view.
You take 6 damage, and have 5/39 hp.
It was a potion of agility.
You feel agile all of a sudden.
The adder hisses angrily.
The bat closely misses you. The quokka closely misses you.
Sigmund hits you with a scythe!
You die...

..........######
#..............(.
#....S...........
.................
.................
........b........
#......gr.@......
....?....@.......
######.###......
#.# ##### ##.####
#.....# #.....#
#.....# #.....#
#. #.....######


You could see Sigmund, an adder, a quokka, a hobgoblin and a bat.

Notes
Turn   | Place    | Note
-------+----------+-------------------------------------------
     0 | D:1      | theanonym the Ogre Hunter began the quest for the Orb.
     0 | D:1      | Reached XP level 1. HP: 22/22 MP: 1/1
    29 | D:1      | Reached skill level 3 in Fighting
   236 | D:1      | Reached XP level 2. HP: 28/32 MP: 2/2
   339 | D:1      | Reached skill level 4 in Fighting
   542 | D:1      | Reached skill level 1 in Maces & Flails
   549 | D:1      | Reached XP level 3. HP: 34/39 MP: 3/3
  1046 | D:2      | Noticed Sigmund
  1050 | D:2      | HP: 18/39 [quokka (3)]
  1052 | D:2      | HP: 5/39 [Sigmund/scythe (5)]
  1053 | D:2      | Mangled by Sigmund

Vanquished Creatures
  2 oozes (D:1)
  A leopard gecko (D:1)
  2 ball pythons (D:1)
  6 bats (D:1)
  A giant cockroach (D:1)
  4 hobgoblins (D:1)
  A quokka (D:2)
  2 goblins (D:1)
  4 kobolds (D:1)
  5 rats
28 creatures vanquished.

Vanquished Creatures (others)
  5 toadstools (D:1)
5 creatures vanquished.

Grand Total: 33 creatures vanquished
